 Dungeon Crawl Stone Soup version 0.23.2-1-ga50397a (webtiles) character file.

Game seed: 712623429832640591

196 Lauz the Slasher (level 5, 0/47 HPs)
             Began as a Minotaur Fighter on May 11, 2019.
             Succumbed to a worker ant's poison
             ... on level 4 of the Dungeon.
             The game lasted 00:03:30 (1353 turns).

Lauz the Slasher (Minotaur Fighter)                 Turns: 1353, Time: 00:03:32

Health: 0/47       AC:  8    Str: 27    XL:     5   Next: 45%
Magic:  4/4        EV: 13    Int:  5    God:
Gold:   12         SH: 10    Dex: 14    Spells: 4/4 levels left

rFire    + . .     SeeInvis .   a - +0 long sword
rCold    x . .     Gourm    .   c - +0 shield
rNeg     . . .     Faith    .   b - +0 scale mail
rPois    .         Spirit   .   (helmet restricted)
rElec    .         Reflect  .   (no cloak)
rCorr    .         Harm     .   i - +0 pair of gloves
MR       .....                  (no boots)
Stlth    +.........             (no amulet)
HPRegen  0.15/turn              j - ring of fire
MPRegen  0.09/turn              (no ring)

@: mighty, agile, lethally poisoned (0 -> -4)
A: retaliatory headbutt, horns 2
a: no special abilities


You were on level 4 of the Dungeon.
You were hungry.

You visited 1 branch of the dungeon, and saw 3 of its levels.

You collected 12 gold pieces.

Inventory:

Hand Weapons
 a - a +0 long sword (weapon)
Armour
 b - a +0 scale mail (worn)
 c - a +0 shield (worn)
 i - a +0 pair of gloves (worn)
Jewellery
 j - a ring of fire (left hand)
Scrolls
 e - a scroll of remove curse
 h - a scroll of identify
Potions
 k - 2 potions of degeneration
Comestibles
 f - 2 rations


   Skills:
 + Level 4.3 Fighting
 * Level 4.8 Long Blades
 + Level 4.6 Armour
 + Level 1.0 Dodging
 + Level 4.5 Shields


You had 4 spell levels left.
You didn't know any spells.
Your spell library was empty.

Dungeon Overview and Level Annotations

Branches:
Dungeon (2/15)

Altars:
Wu Jian


Innate Abilities, Weirdness & Mutations

You reflexively headbutt those who attack you in melee.
You have a pair of horns on your head.


Message History

The worker ant completely misses you.
You riposte.
You closely miss the worker ant. Your headbutt misses the worker ant.
The worker ant is heavily wounded.
The orc hits you but does no damage.
The worker ant bites you but does no damage.
The orc closely misses you.
You hit the worker ant.
The worker ant is almost dead.
* * * LOW HITPOINT WARNING * * *
You feel sick. You block the worker ant's attack. You block the orc's attack.
You slice the worker ant!!
You kill the worker ant!
The orc closely misses you.
* * * LOW HITPOINT WARNING * * *
You feel sick.
You see here a hound corpse.
Put on which piece of jewellery? (? for menu, Esc to quit)
You feel more attuned to fire.
j - a ring of fire (left hand)
You die...

#. ########. .#
#.....oo. .. #o######$
.## #.# #. ..#
#)######o #.#
#.o#o...##o ###.#
###.###.##o #.@.## #.
#.#..
#...#†.#..###.###.#.#
#...####o##............
...# #o)#.####.......
#. ##.######....... #
#).#..oo.o.....
##.##†#......?.
#..†..#........
#..)#####........


You could see 2 orcs.

Vanquished Creatures
  A hound (D:4)
  An orc priest (D:4)
  An orc wizard (D:4)
  A worker ant (D:4)
  Robin (D:2)
  2 adders
  2 dart slugs
  A leopard gecko (D:1)
  4 orcs (D:4)
  2 giant cockroaches (D:1)
  16 goblins
  6 hobgoblins
  4 kobolds (D:1)
  A ball python (D:4)
  A bat (D:1)
  A frilled lizard (D:1)
  2 rats (D:1)
47 creatures vanquished.

Notes
Turn   | Place    | Note
-------+----------+-------------------------------------------
     0 | D:1      | Lauz the Minotaur Fighter began the quest for the Orb.
     0 | D:1      | Reached XP level 1. HP: 19/19 MP: 0/0
   274 | D:1      | Reached XP level 2. HP: 27/27 MP: 1/1
   750 | D:1      | Reached XP level 3. HP: 28/33 MP: 2/2
   979 | D:2      | Noticed Robin
  1029 | D:2      | Killed Robin
  1252 | D:2      | Found an ornate altar of the Wu Jian Council.
  1254 | D:2      | You fall through a shaft for 2 floors!
  1259 | D:4      | Reached XP level 4. HP: 40/40 MP: 3/3
  1342 | D:4      | Reached XP level 5. HP: 11/46 MP: 4/4
  1348 | D:4      | HP: 2/46 [poisoned by a worker ant]
  1348 | D:4      | Reached skill level 1 in Dodging
  1353 | D:4      | Succumbed to a worker ant's poison

Skill      XL: |  1  2  3  4  5 |
---------------+----------------+-----
Fighting       | 4 |  4.3
Shields        | 4 |  4.5
Long Blades    | 3 4 |  4.8
Armour         | 4 |  4.6
Dodging        | 1 |  1.0

Action                   |  1- 3 |  4- 6 || total
-------------------------+-------+-------++-------
Melee: Long sword        |    96 |    25 ||   121
       Headbutt          |    14 |     2 ||    16
  Use: Scroll            |       |     2 ||     2
       Potion            |       |     2 ||     2
  Eat: Chunk             |     1 |       ||     1
Armor: Scale mail        |    38 |    12 ||    50
Dodge: Dodged            |    25 |    12 ||    37
Block: Shield            |    54 |    19 ||    73
       Rpst.: Long sword |     8 |     4 ||    12
